 Dungeon Crawl Stone Soup version 0.21.0-25-ge575cb9 (webtiles) character file.

203 JeffiDaFish the Chopper (level 5, -3/47 HPs)
             Began as a Minotaur Fighter on Jan 23, 2018.
             Slain by a gnoll
             ... wielding a +0 whip
              (8 damage)
             ... on level 3 of the Dungeon.
             The game lasted 00:05:54 (2313 turns).

JeffiDaFish the Chopper (Minotaur Fighter)          Turns: 2313, Time: 00:05:55

Health: -3/47      AC:  7    Str: 21    XL:     5   Next: 51%
Magic:  4/4        EV: 10    Int:  5    God:
Gold:   122        SH:  4    Dex: 10    Spells: 4/4 levels left

rFire    . . .     SeeInvis .   a - +1 war axe
rCold    . . .     Gourm    .   j - +0 buckler
rNeg     . . .     Faith    .   b - +0 scale mail
rPois    +         Spirit   .   m - +0 hat
rElec    .         Reflect  .   (no cloak)
rCorr    .         Harm     .   (no gloves)
MR       .....                  (no boots)
Stlth    ..........             l - amulet of inaccuracy (curse)
HPRegen  0.15/turn              e - ring of poison resistance
MPRegen  0.09/turn              (no ring)

@: no status effects
A: retaliatory headbutt, horns 2
a: no special abilities


You were on level 3 of the Dungeon.
You were not hungry.

You visited 1 branch of the dungeon, and saw 3 of its levels.

You collected 122 gold pieces.

Inventory:

Hand Weapons
 a - a +1 war axe (weapon)
Armour
 b - a +0 scale mail (worn)
 c - a +1 shield
 j - a +0 buckler (worn)
 m - a +0 hat (worn)
Jewellery
 e - a ring of poison resistance (left hand)
 l - a cursed amulet of inaccuracy (around neck)
Scrolls
 g - 3 scrolls of identify
 k - a scroll of enchant armour
Potions
 d - a potion of might
 h - a potion of heal wounds
Comestibles
 f - 4 rations


   Skills:
 + Level 4.5 Fighting
 + Level 4.7 Axes
 + Level 4.7 Armour
 * Level 1.7 Dodging
 - Level 4.1 Shields


You had 4 spell levels left.
You didn't know any spells.

Dungeon Overview and Level Annotations

Branches:
Dungeon (3/15)

Altars:
Sif Muna


Innate Abilities, Weirdness & Mutations

You reflexively headbutt those who attack you in melee.
You have a pair of horns on your head.


Message History

You kill the gnoll!
You miss the gnoll. The gnoll hits you with a whip.
* * * LOW HITPOINT WARNING * * *
You barely miss the gnoll.
The gnoll is heavily wounded.
The gnoll completely misses you.
You barely miss the gnoll.
The gnoll is heavily wounded.
The gnoll barely misses you. You furiously retaliate!
You headbutt the gnoll, but do no damage.
You closely miss the gnoll. Your headbutt misses the gnoll.
The gnoll is heavily wounded.
The gnoll hits you with a whip.
* * * LOW HITPOINT WARNING * * *
The gnoll hits you with a whip.
* * * LOW HITPOINT WARNING * * *
You closely miss the gnoll.
The gnoll is heavily wounded.
The gnoll hits you with a whip!
You die...

#.......# #...###....
#.......# #....######
#.......# #....####
#<......# #.......#
#.......# ##'#.##.#
#.......####.#.##.#
######....>..'.......#.###
.............######.......
........g@...# #.#.####
.....(.###)### #.......
.................####..#..
...............(.+........
.................#####.###
#######..........# #..#
#..........# ##.##
#..........# #..#
#..........# ##.#


You could see a gnoll.

Vanquished Creatures
  An orc wizard (D:3)
  Robin (D:2)
  3 gnolls (D:3)
  3 adders
  2 oozes
  4 worms (D:2)
  2 dart slugs (D:1)
  A leopard gecko (D:2)
  9 orcs
  5 bats
  5 giant cockroaches
  14 goblins
  9 hobgoblins
  2 jackals (D:3)
  6 frilled lizards
  5 kobolds
  9 rats
81 creatures vanquished.

Notes
Turn   | Place    | Note
-------+----------+-------------------------------------------
     0 | D:1      | JeffiDaFish the Minotaur Fighter began the quest for the Orb.
     0 | D:1      | Reached XP level 1. HP: 19/19 MP: 0/0
   217 | D:1      | Reached XP level 2. HP: 27/27 MP: 1/1
   754 | D:2      | Reached XP level 3. HP: 24/33 MP: 2/2
  1067 | D:2      | Noticed Robin
  1073 | D:2      | Reached XP level 4. HP: 35/40 MP: 3/3
  1083 | D:2      | Killed Robin
  1110 | D:2      | HP: 2/40 [poisoned by Robin]
  1118 | D:2      | HP: 1/40 [poisoned by Robin]
  1543 | D:2      | Reached skill level 1 in Dodging
  1715 | D:3      | Reached XP level 5. HP: 32/47 MP: 4/4
  1980 | D:3      | Found a deep blue altar of Sif Muna.
  2313 | D:3      | Slain by a gnoll

Skill      XL: |  1  2  3  4 |
---------------+-------------+-----
Armour         | 4 |  4.7
Fighting       | 4 |  4.5
Axes           | 3 4 |  4.7
Shields        | 4 |  4.1
Dodging        | 1 |  1.7

Action                   |  1- 3 |  4- 6 || total
-------------------------+-------+-------++-------
Melee: War axe           |    87 |   102 ||   189
       Headbutt          |     9 |    10 ||    19
  Use: Scroll            |     3 |     3 ||     6
       Potion            |     2 |     2 ||     4
  Eat: Chunk             |     1 |     4 ||     5
Armor: Scale mail        |    35 |    46 ||    81
Dodge: Dodged            |    19 |    58 ||    77
Block: Shield            |    33 |       ||    33
       Buckler           |     6 |    22 ||    28
